 Dungeon Crawl Stone Soup version 0.21.1-1-g345015fe64 (webtiles) character file.

88 Holzbalken the Grasshopper (level 4, 0/22 HPs)
             Began as a Spriggan Warper on July 11, 2018.
             Fell down a flight of stairs (1 damage)
             ... on level 4 of the Dungeon.
             The game lasted 00:18:24 (3644 turns).

Holzbalken the Grasshopper (Spriggan Warper)        Turns: 3644, Time: 00:18:25

Health: 0/22       AC:  2    Str:  7    XL:     4   Next: 30%
Magic:  9/9        EV: 20    Int: 14    God:
Gold:   83         SH:  0    Dex: 16    Spells: 4/8 levels left

rFire    . . .     SeeInvis +   m - +1 dagger (holy)
rCold    . . .     Gourm    .   (shield restricted)
rNeg     . . .     Faith    .   b - +0 robe
rPois    .         Spirit   .   (helmet restricted)
rElec    .         Reflect  .   (no cloak)
rCorr    .         Harm     .   (gloves unavailable)
MR       .....                  (boots unavailable)
Stlth    +.........             (no amulet)
HPRegen  0.07/turn              (no ring)
MPRegen  0.11/turn              (no ring)

@: confused, very quick
A: very small, unfitting armour, see invisible, herbivore, speed 3, slow
metabolism 2
a: no special abilities


You were on level 4 of the Dungeon.
You were not hungry.

You visited 1 branch of the dungeon, and saw 4 of its levels.

You collected 83 gold pieces.

Inventory:

Hand Weapons
 a - a +0 short sword
 m - a +1 dagger of holy wrath (weapon)
 q - a +2 trident of venom
Missiles
 e - 5 tomahawks of dispersal (quivered)
Armour
 b - a +0 robe (worn)
Scrolls
 d - a scroll of blinking
 g - a scroll of random uselessness {unknown}
 h - a scroll of identify {unknown}
 i - 2 scrolls of teleportation {unknown}
 j - 3 scrolls of remove curse {unknown}
 p - a scroll of fear {unknown}
 s - a scroll of enchant weapon {unknown}
 t - a scroll of enchant armour {unknown}
Potions
 k - 2 potions of heal wounds {unknown}
 l - a potion of lignification {unknown}
 n - a potion of might {unknown}
 o - a potion of berserk rage {unknown}
 r - a potion of brilliance {unknown}
Books
 c - a book of Spatial Translocations

   Spells                             Type                      Level
   a - Blink                          Translocation                2
   b - Shroud of Golubria             Charms/Translocation         2
   c - Lesser Beckoning               Translocation                3
   d - Gell's Gravitas                Translocation                3
   e - Teleport Other                 Translocation                3
   f - Passage of Golubria            Translocation                4
Comestibles
 f - 3 rations


   Skills:
 - Level 1.5 Fighting
 * Level 3.6 Short Blades
 - Level 1.0 Throwing
 + Level 4.5 Dodging
 - Level 2.9 Spellcasting
 + Level 2.1 Charms
 + Level 5.0 Translocations


You had 4 spell levels left.
You knew the following spells:

 Your Spells              Type           Power        Failure   Level  Hunger
a - Blink                 Tloc           N/A          4%          2    ##.....
b - Shroud of Golubria    Chrm/Tloc      ##........   8%          2    ##.....


Dungeon Overview and Level Annotations

Branches:
Dungeon (4/15)
 Temple: D:4-7

Altars:


Innate Abilities, Weirdness & Mutations

You are very small and have problems with some larger weapons.
You are too small for most types of armour.
You have supernaturally acute eyesight. (SInv)
You are a herbivore.
You cover ground extremely quickly.
You need consume almost no food.


Message History

2 orcs, 2 orc priests, an orc wizard and a howler monkey come into view.
The orc shouts!
The orc priest shouts!
The orc shouts!
The howler monkey howls!
Found a triangular citrine amulet and 15 gold pieces.
There is a stone staircase leading up here.
The howler monkey hoots and howls with incredible vigour!
The orc priest calls down the wrath of Beogh upon you.
Beogh smites you!
Ouch! That really hurt!
The orc hits you with a mace.
The orc wizard gestures at you while chanting.
You are confused.
The orc priest hits you with a dagger.
* * * LOW HITPOINT WARNING * * *
You hear a shout! x2
In your confused state, you trip and fall back down the stairs.
* * * LOW HITPOINT WARNING * * *
The orc priest hits you but does no damage.
The orc barely misses you.
In your confused state, you trip and fall back down the stairs.
You die...

....#
#...#
#.h.#
#...#
#...#
#$.o#
#.oo#
#oo@#
##."#
####


You could see a howler monkey, 2 orc priests, an orc wizard and 2 orcs.

Vanquished Creatures
  3 adders
  2 worms (D:2)
  5 dart slugs
  2 leopard geckos
  An orc (D:3)
  6 bats
  3 giant cockroaches
  6 goblins
  2 hobgoblins
  3 jackals
  A frilled lizard (D:2)
  7 kobolds
  3 rats (D:2)
44 creatures vanquished.

Vanquished Creatures (others)
  A rat (D:1)
1 creature vanquished.

Grand Total: 45 creatures vanquished

Notes
Turn   | Place    | Note
-------+----------+-------------------------------------------
     0 | D:1      | Holzbalken the Spriggan Warper began the quest for the Orb.
     0 | D:1      | Reached XP level 1. HP: 10/10 MP: 5/5
   184 | D:1      | Reached XP level 2. HP: 14/14 MP: 6/6
   299 | D:1      | Learned a level 2 spell: Blink
   302 | D:1      | Learned a level 2 spell: Shroud of Golubria
  1300 | D:2      | Reached skill level 1 in Charms
  1300 | D:2      | Reached XP level 3. HP: 18/18 MP: 8/8
  2559 | D:2      | Reached XP level 4. HP: 22/22 MP: 7/9
  2774 | D:3      | Noticed a phantom
  3227 | D:3      | Reached skill level 5 in Translocations
  3642 | D:4      | HP: 1/22 [fell downstairs (1)]
  3644 | D:4      | Fell down a flight of stairs

Skill      XL: |  1  2  3  4 |
---------------+-------------+-----
Dodging        | 4 |  4.5
Short Blades   | 3 |  3.6
Charms         | 1 2 |  2.1
Translocations | 5 |  5.0
Fighting       | |  1.5
Throwing       | |  1.0
Spellcasting   | |  2.9

Action                   |  1- 3 |  4- 6 || total
-------------------------+-------+-------++-------
Melee: Short sword       |   131 |       ||   131
       Dagger            |    65 |    93 ||   158
 Cast: Shroud of Golubri |     6 |     5 ||    11
       Blink             |     1 |       ||     1
  Eat: Ration            |       |     1 ||     1
Armor: Robe              |    17 |     8 ||    25
Dodge: Dodged            |   135 |    96 ||   231
